 Dungeon Crawl Stone Soup version 0.28.0 (webtiles) character file.

Game seed: 11981844069385848892

106 growler the Gusty (level 4, 0/24 HPs)
             Began as a Tengu Air Elementalist on Feb 18, 2022.
             Succumbed to a scorpion's poison
             ... on level 4 of the Dungeon on Feb 19, 2022.
             The game lasted 00:09:16 (3997 turns).

growler the Gusty (Tengu Air Elementalist)          Turns: 3997, Time: 00:09:16

Health: 0/24       AC:  3    Str:  8    XL:     4   Next: 84%
Magic:  1/9        EV: 12    Int: 18    God:
Gold:   133        SH:  0    Dex: 14    Spells: 3/9 levels left

rFire   . . .      SeeInvis .   (no weapon)
rCold   . . .      Faith    .   (no shield)
rNeg    . . .      Spirit   .   a - +0 robe
rPois   .          Reflect  .   h - +1 hat
rElec   .          Harm     .   (no cloak)
rCorr   .          Rampage  .   (no gloves)
Will    .....                   (boots unavailable)
Stlth   ++........              (no amulet)
HPRegen 0.08/turn               (no ring)
MPRegen 0.11/turn               (no ring)

@: lethally poisoned (0 -> -27), attractive
A: beak, talons 3
a: no special abilities


You were on level 4 of the Dungeon.
You visited 2 branches of the dungeon, and saw 5 of its levels.

You collected 133 gold pieces.

Inventory:

Armour
 a - a +0 robe (worn)
 h - a +1 hat (worn)
   (You found it on level 2 of the Dungeon)
 m - the +0 ring mail of the Blessed Realm {Stlth+}
   (You found it on level 4 of the Dungeon)

   Stlth:     It makes you more stealthy.
Jewellery
 o - a ring of protection from cold
   (You found it on level 1 of the Dungeon)
Scrolls
 b - 2 scrolls of identify {unknown}
 e - a scroll of amnesia {unknown}
 f - a scroll of enchant armour {unknown}
 g - a scroll of enchant weapon {unknown}
 j - 3 scrolls of fog {unknown}
 k - a scroll of vulnerability {unknown}
Potions
 c - a potion of attraction {!q}
 i - a potion of flight {unknown}
 l - a potion of haste {unknown}


   Skills:
 - Level 2.1 Dodging
 - Level 2.0 Stealth
 + Level 3.0 Spellcasting
 + Level 3.5 Conjurations
 + Level 5.2 Air Magic


You had 3 spell levels left.
You knew the following spells:

 Your Spells              Type           Power      Damage    Failure   Level
a - Shock                 Conj/Air       72%        1d7       2%          1
d - Static Discharge      Conj/Air       18%        N/A       4%          2
s - Swiftness             Air            21%        N/A       5%          3

Your spell library contained the following spells:

 Spells                   Type           Power      Damage    Failure   Level
 Beastly Appendage        Tmut           4%         N/A       16%         1
 Wereblood                Tmut           2%         N/A       24%         2
 Spider Form              Tmut/Pois      2%         N/A       43%         3
 Airstrike                Air            10%        N/A       19%         4
 Fireball                 Conj/Fire      4%         3d4       91%         5
 Starburst                Conj/Fire      4%         6d4       100%        6
 Ignition                 Fire           1%         3d3       100%        8


Dungeon Overview and Level Annotations

Branches:
Dungeon (4/15)             Temple (1/1) D:4

Altars:
Cheibriados
Dithmenos
Elyvilon
Fedhas
Gozag
Kikubaaqudgha
Okawaru
Qazlal
Trog
Wu Jian
Xom
Yredelemnul
Zin

Shops:
D:1 (


Innate Abilities, Weirdness & Mutations

You have a beak for a mouth.
You have claws for feet.


Message History

The lightning grounds out.
The scorpion stings you.
* * * LOW HITPOINT WARNING * * *
You feel better. The scorpion stings you.
* * * LOW HITPOINT WARNING * * *
The scorpion barely misses you.
Found 9 gold pieces.
You see here a scroll labelled SAROTI LIHEG.
The scorpion is struck by an arc of lightning.
You are struck by an arc of lightning.
* * * LOW HITPOINT WARNING * * *
The lightning grounds out.
The scorpion stings you.
* * * LOW HITPOINT WARNING * * *
You are lethally poisoned!
The scorpion poisons you!
You feel better. The scorpion closely misses you. The scorpion stings you!
* * * LOW HITPOINT WARNING * * *
You are lethally poisoned!
The scorpion poisons you!
You feel better. The scorpion closely misses you. The scorpion stings you.
* * * LOW HITPOINT WARNING * * *
You are lethally poisoned!
The scorpion poisons you!
* * * LOW HITPOINT WARNING * * *
You feel sick.
You feel better. The scorpion stings you. The scorpion stings you.
* * * LOW HITPOINT WARNING * * *
The zap misses the scorpion.
The zap hits the scorpion but does no damage.
The scorpion barely misses you.
You hit the scorpion but do no damage. The scorpion closely misses you.
You closely miss the scorpion.
The scorpion stings you but does no damage.
You hit the scorpion but do no damage. You claw the scorpion.
The scorpion stings you.
* * * LOW HITPOINT WARNING * * *
You are lethally poisoned!
The scorpion poisons you! The scorpion stings you.
* * * LOW HITPOINT WARNING * * *
You are more poisoned.
The scorpion poisons you!
Options error: Bad channel -- pray (~/.crawlrc:4441) Options error: Bad channel -- food (~/.crawlrc:4444) Options error: Bad channel -- rotten_meat (~/.crawlrc:4461) Welcome back, growler the Tengu Air Elementalist.
It was a potion of attraction.
You feel attractive to monsters.
You die...

######### #.......# .
#.......#### ...
#..........# ####...
#...@s..##.###.......
####.#...............
#.#..#.#.#.#.#....
#####
..##......?..$...$
#...#
#.###.#.......#.#..
#...###.
#...........# #.#
#.... ..
#.#...>...#.# ###..
#...#
#.#.............#
..... ... #.
##.#.......#.###


You could see a scorpion.

Vanquished Creatures
  A bullfrog skeleton (D:2)
  A howler monkey skeleton (D:4)
  An adder skeleton (D:4)
  2 dart slugs
  4 orcs (D:3)
  10 ball pythons
  5 bats
  8 endoplasms
  A goblin (D:3)
  4 hobgoblins
  4 kobolds
  5 quokkas
  3 frilled lizards
  6 rats (D:1)
55 creatures vanquished.

Notes
Turn   | Place    | Note
-------+----------+-------------------------------------------
     0 | D:1      | growler the Tengu Air Elementalist began the quest for the
                  | Orb.
     0 | D:1      | Reached XP level 1. HP: 10/10 MP: 4/4
   260 | D:1      | Reached XP level 2. HP: 15/15 MP: 3/6
   321 | D:1      | Learned a level 2 spell: Static Discharge
   795 | D:1      | Reached XP level 3. HP: 19/19 MP: 5/7
   799 | D:1      | Learned a level 3 spell: Swiftness
   936 | D:1      | Found Pakuotoe's Antique Weapon Shoppe.
  1266 | D:2      | Reached XP level 4. HP: 10/24 MP: 0/9
  1560 | D:2      | Found a faded altar of an unknown god.
  2014 | D:2      | Reached skill level 5 in Air Magic
  2294 | D:3      | Found a white marble altar of Elyvilon.
  2891 | D:3      | Found a stormy altar of Qazlal.
  3588 | D:4      | Noticed an ogre
  3593 | D:4      | Noticed a scorpion
  3646 | D:4      | Identified the +0 ring mail of the Blessed Realm {Stlth+}
  3735 | D:4      | Found a staircase to the Ecumenical Temple.
  3748 | Temple   | Entered the Ecumenical Temple
  3980 | D:4      | HP: 1/24 [scorpion (5)]
  3997 | D:4      | Succumbed to a scorpion's poison

Illustrated notes

Levels and vault maps discovered:
D:1:      dpeg_arrival_renting, layout_rooms, serial_shops,
          nicolae_diamond_shop, chequers_big_river, minmay_close_crescents
D:2:      layout_basic, ebering_ecumenical_altar_mist, chequers_arboretum,
          grunt_decor_fettered
D:3:      layout_basic, lemuel_doored_altar, mainiacjoe_overflow_boulevard,
          minmay_misc_feat_ornament
D:4:      layout_rooms, demons_altar, minmay_temple_entry_glass
Temple:   grunt_temple_mini_profane

Skill      XL: |  1  2  3  4 |
---------------+-------------+-----
Conjurations   | 2 3 |  3.5
Air Magic      | 5 |  5.2
Spellcasting   | 3 |  3.0
Dodging        | |  2.1
Stealth        | |  2.0

Action                   |  1- 3 |  4- 6 || total
-------------------------+-------+-------++-------
Melee: Unarmed           |    10 |    10 ||    20
       Kick              |     2 |     4 ||     6
       Peck              |     1 |     1 ||     2
 Cast: Shock             |    30 |    37 ||    67
       Static Discharge  |    12 |    18 ||    30
  Use: Potion            |       |     6 ||     6
Armor: Robe              |     3 |     3 ||     6
Dodge: Dodged            |    16 |    23 ||    39
